 Dungeon Crawl Stone Soup version 0.27-a0-385-g3208abaabc (webtiles) character file.

Game seed: 17317087701757722463

6468 CryoSword the Carver (level 10, -6/94 HPs)
             Began as a Deep Dwarf Monk on Feb 19, 2021.
             Was a Believer of Elyvilon.
             Mangled by a brown ugly thing (15 damage)
             ... on level 9 of the Dungeon.
             The game lasted 00:23:49 (8155 turns).

CryoSword the Carver (Deep Dwarf Monk)              Turns: 8155, Time: 00:23:50

Health: -6/94      AC: -1    Str: 17    XL:     10   Next: 68%
Magic:  10/11      EV: 11    Int: 12    God:    Elyvilon [**....]
Gold:   131        SH:  6    Dex: 15    Spells: 9/9 levels left

rFire    . . .     SeeInvis .   b - +2 whip (elec)
rCold    . . .     Faith    .   E - +0 buckler
rNeg     . . .     Spirit   .   D - +0 scale mail
rPois    .         Reflect  .   I - +2 helmet
rElec    .         Harm     .   (no cloak)
rCorr    .         Rampage  .   r - +0 pair of gloves
Will     +....                  i - +0 pair of boots
Stlth    ++........             (no amulet)
HPRegen  0.00/turn              G - +4 ring of slaying {=R}
MPRegen  0.12/turn              F - +4 ring of protection

@: corroded, non-regenerating
A: damage resistance, heal wounds, sense surroundings 2, no regeneration
a: Heal Wounds, Renounce Religion, Lesser Healing, Heal Other, Divine Protection


You were on level 9 of the Dungeon.
You worshipped Elyvilon.
Elyvilon was pleased with you.
You visited 2 branches of the dungeon, and saw 10 of its levels.
You also visited: Sewer.

You collected 469 gold pieces.
You spent 338 gold pieces at shops.

Inventory:

Hand Weapons
 a - a +2 scimitar of holy wrath
   (You took it off an orc warrior on level 7 of the Dungeon)
 b - a +2 whip of electrocution (weapon)
   (You took it off an orc on level 3 of the Dungeon)
Missiles
 l - 25 poisoned darts (quivered)
 y - 8 boomerangs
 z - 2 curare-tipped darts
 H - 2 throwing nets
Armour
 i - a +0 pair of boots (worn)
   (You found it on level 1 of the Dungeon)
 q - a +0 tower shield
   (You found it on level 4 of the Dungeon)
 r - a +0 pair of gloves (worn)
   (You found it on level 4 of the Dungeon)
 D - a +0 scale mail (worn)
   (You found it on level 5 of the Dungeon)
 E - a +0 buckler (worn)
   (You found it on level 6 of the Dungeon)
 I - a +2 helmet (worn)
   (You bought it in a shop on level 7 of the Dungeon)
Jewellery
 f - a +6 ring of intelligence
   (You found it on level 1 of the Dungeon)
 F - a +4 ring of protection (right hand)
   (You found it on level 6 of the Dungeon)
 G - a +4 ring of slaying (left hand) {=R}
   (You found it on level 7 of the Dungeon)
 L - a ring of resist corrosion {unknown}
   (You found it on level 8 of the Dungeon)
 M - a ring of flight {unknown}
   (You found it on level 8 of the Dungeon)
Wands
 o - a wand of acid (6)
   (You found it on level 8 of the Dungeon)
 B - a wand of flame (7)
   (You found it on level 5 of the Dungeon)
Scrolls
 d - 11 scrolls of identify {@r1}
 j - 5 scrolls of teleportation {unknown}
 n - 2 scrolls of blinking {unknown}
 t - 3 scrolls of fog {unknown}
 u - 4 scrolls of immolation {unknown}
 w - 5 scrolls of fear {unknown}
 x - 6 scrolls of enchant weapon {unknown}
 A - 2 scrolls of enchant armour {unknown}
 O - a scroll of silence {unknown}
Potions
 c - a potion of resistance
 e - a potion of haste {unknown}
 g - a potion of attraction {unknown}
 h - 4 potions of flight
 k - 10 potions of curing {@q1}
 m - 2 potions of mutation {unknown}
 p - 8 potions of heal wounds {@q2}
 s - 3 potions of brilliance
 v - 4 potions of might {unknown}
 C - a potion of invisibility {unknown}
 J - a potion of lignification {unknown}
 K - a potion of berserk rage {unknown}
 N - a potion of ambrosia {unknown}


   Skills:
 + Level 7.3 Fighting
 * Level 11.0 Long Blades
 - Level 4.0 Dodging
 - Level 5.8 Stealth
 * Level 7.2 Shields
 * Level 7.2 Invocations


You had 9 spell levels left.
You didn't know any spells.
Your spell library contained the following spells:

 Spells                   Type           Power        Failure   Level
 Animate Skeleton         Necr           0%           77%         1
 Apportation              Tloc           0%           77%         1
 Corona                   Hex            0%           77%         1
 Magic Dart               Conj           0%           77%         1
 Summon Small Mammal      Summ           0%           77%         1
 Blink                    Tloc           N/A          88%         2
 Call Imp                 Summ           0%           88%         2
 Ensorcelled Hibernation  Hex/Ice        0%           88%         2
 Slow                     Hex            0%           88%         2
 Confusing Touch          Hex            0%           98%         3
 Conjure Flame            Conj/Fire      0%           98%         3
 Dazzling Flash           Conj/Hex       0%           98%         3
 Mephitic Cloud           Conj/Pois/Air  0%           98%         3
 Tukima's Dance           Hex            0%           98%         3
 Animate Dead             Necr           0%           100%        4
 Borgnjor's Vile Clutch   Necr/Erth      0%           100%        5
 Death Channel            Necr           0%           100%        6
 Simulacrum               Ice/Necr       0%           100%        6


Dungeon Overview and Level Annotations

Branches:
Dungeon (9/15)             Temple (1/1) D:7            Lair (0/6) D:8
  Sewer (visited)
    Orc: D:9-12

Altars:
Ashenzari
Cheibriados
Dithmenos
Elyvilon
Fedhas
Gozag
Hepliaklqana
Kikubaaqudgha
Makhleb
Nemelex Xobeh
Okawaru
Qazlal
Ru
Sif Muna
Trog
Uskayaw
Vehumet
Wu Jian
Xom
Yredelemnul
Zin
The Shining One

Shops:
D:7 *:[[   D:8 *:((:

Annotations:
D:8 2 runed translucent doors


Innate Abilities, Weirdness & Mutations

You are resistant to damage.
You can heal yourself by infusing magical energy.
You passively map the area around you.
You do not regenerate.


Message History

A black bear is nearby!
You are healed.
You are healed.
You see here 29 stones.
Found 18 gold pieces.
The black bear growls angrily.
The black bear bites you. The black bear barely misses you.
The black bear claws you but does no damage.
There is a stone staircase leading down here.
You hit the black bear.
Lightning courses through the black bear!!
The black bear goes berserk!
You whack the black bear!
You kill the black bear!
Your Shields skill increases to level 7!
Your Invocations skill increases to level 7!
No target in view!
No target in view!
You now have enough gold to buy a scroll of summoning on D:7.
You now have 131 gold pieces (gained 18).
Could not explore, unopened door.
Could not explore, unopened door.
Could not explore, unopened door.
You open the door.
There is an open door here.
Found 26 stones.
A black bear comes into view.
The black bear growls angrily.
You hear an angry hiss.
A black bear is nearby!
A black bear is nearby!
You block the black bear's attack.
The black bear claws you but does no damage.
The black bear barely misses you.
You see here a scroll labelled MOESEULLEFI.
You barely miss the black bear. The black bear bites you.
The black bear claws you but does no damage.
You block the black bear's attack.
An adder comes into view.
You barely miss the black bear. You block the black bear's attack.
The black bear claws you but does no damage.
You block the black bear's attack.
You barely miss the black bear.
The black bear bites you but does no damage.
The black bear claws you but does no damage.
The black bear completely misses you.
You hit the black bear. You block the black bear's attack.
The black bear claws you but does no damage. x2
Your scale mail prevents you from hitting the black bear.
You block the black bear's attack.
The black bear claws you but does no damage. x2
The adder bites you but does no damage.
You barely miss the black bear. You block the adder's attack.
The black bear barely misses you. The black bear completely misses you.
The black bear closely misses you. The adder bites you but does no damage.
The black bear misses you. You block the black bear's attack.
The black bear claws you but does no damage.
You whack the black bear! The adder bites you but does no damage.
The black bear bites you but does no damage.
You block the black bear's attack. The black bear misses you.
Your scale mail prevents you from hitting the black bear.
You block the adder's attack. The black bear bites you!
The black bear claws you but does no damage. x2
The adder bites you but does no damage.
You whack the black bear!
Lightning courses through the black bear!
You kill the black bear!
The adder barely misses you.
You whack the adder! The adder closely misses you.
You hit the adder.
You kill the adder!
No target in view!
O - a scroll labelled MOESEULLEFI You see here a black bear corpse.
Found 12 stones.
A troll comes into view.
The troll shouts!
You hear a horrible gurgling sound!
A brown ugly thing comes into view.
There are monsters nearby!
There are monsters nearby!
Unknown command.
You hit the troll. Lightning courses through the troll! The troll bites you.
The troll barely misses you. x2
You hit the troll. Lightning courses through the troll!
You block the troll's attack. The troll claws you! The troll barely misses you.
You hit the troll. Lightning courses through the troll!!
You kill the troll!
The troll leather armour is intact enough to wear.
Your Long Blades skill increases to level 11!
You closely miss the brown ugly thing.
You block the brown ugly thing's attack.
You hit the brown ugly thing.
The brown ugly thing tentacle-slaps you but does no damage.
You hit the brown ugly thing. The brown ugly thing barely misses you.
You whack the brown ugly thing! The brown ugly thing barely misses you.
You hit the brown ugly thing.
Lightning courses through the brown ugly thing!!
The brown ugly thing misses you.
The brown ugly thing tentacle-slaps you but does no damage.
You hit the brown ugly thing.
The brown ugly thing tentacle-slaps you.
The acid corrodes you!
You are splashed with acid!
You are too injured to fight recklessly!
You are too injured to fight recklessly!
You hit the brown ugly thing.
The brown ugly thing completely misses you.
You hit the brown ugly thing.
The brown ugly thing tentacle-slaps you!
You are splashed with acid!
You hit the brown ugly thing.
The brown ugly thing tentacle-slaps you!
* * * LOW HITPOINT WARNING * * *
You are splashed with acid!
* * * LOW HITPOINT WARNING * * *
You closely miss the brown ugly thing.
The brown ugly thing tentacle-slaps you.
* * * LOW HITPOINT WARNING * * *
The acid corrodes you!
You are splashed with acid.
* * * LOW HITPOINT WARNING * * *
You feel much better.
The brown ugly thing tentacle-slaps you but does no damage.
You hit the brown ugly thing.
You block the brown ugly thing's attack.
You hit the brown ugly thing but do no damage.
The brown ugly thing tentacle-slaps you but does no damage.
The brown ugly thing tentacle-slaps you.
You are splashed with acid.
* * * LOW HITPOINT WARNING * * *
You closely miss the brown ugly thing.
The brown ugly thing tentacle-slaps you.
You are splashed with acid!
* * * LOW HITPOINT WARNING * * *
You feel much better.
The brown ugly thing tentacle-slaps you!
* * * LOW HITPOINT WARNING * * *
The acid corrodes you!
You are splashed with acid!
* * * LOW HITPOINT WARNING * * *
You hit the brown ugly thing but do no damage.
Lightning courses through the brown ugly thing!
The brown ugly thing tentacle-slaps you!
* * * LOW HITPOINT WARNING * * *
The acid corrodes you!
You are splashed with acid!
* * * LOW HITPOINT WARNING * * *
You fail to use your ability.
The brown ugly thing tentacle-slaps you!
* * * LOW HITPOINT WARNING * * *
The acid corrodes you!
You are splashed with acid.
Elyvilon protects you from harm!
You are healed.
The brown ugly thing tentacle-slaps you!
You die...

#......#,, , , *, , ... , ,
,, #..##.## * *** * ..#* , *
#..##.###########+###..###.,
**
#..'.........#...(.........
+..#........(#......[......,,
, #######.##.####.##.###.##.#
* #######.##########.###.##.
** ...........#.....u........
, ...........#....@.........
.###.##.##.##..###..###... ,
##.##.##'##..###..#* ##
,,#......†...........# < , *
,+..................# , ,+
###############....#* ,* , *
####+# , , *,, *,, + , , , ,,
,,, ,*,,, , , ,,, ,,


You could see a brown ugly thing.

Vanquished Creatures
  A two-headed ogre (D:8)
  An unseen horror (D:8)
  Pikel (D:4)
  A troll (D:9)
  A wyvern (D:9)
  A wraith (D:8)
  A steam dragon (D:8)
  2 wargs (D:8)
  3 orc warriors
  A necrophage (D:5)
  A sky beast (D:7)
  6 black bears
  2 ogres
  3 centaurs
  A lemure (D:4)
  3 phantoms
  A kobold brigand (Sewer)
  3 bullfrogs
  A water moccasin zombie (D:7)
  5 scorpions
  8 wights
  2 howler monkeys
  A bullfrog zombie (D:7)
  2 jellies
  6 orc priests
  5 hounds
  Jessica (D:3)
  6 orc wizards
  2 iguanas (D:8)
  5 worker ants
  A hound zombie (D:8)
  17 gnolls
  6 river rats
  14 adders
  3 shadow imps
  A white imp (D:6)
  2 ufetubi
  4 oozes
  An adder zombie (D:7)
  4 adder skeletons
  3 worms
  3 dart slugs
  8 leopard geckos
  31 orcs
  6 giant cockroaches
  16 goblins
  7 hobgoblins
  6 jackals
  22 kobolds
  A quokka (D:3)
  5 ball pythons
  3 bats
  3 frilled lizards
  A jackal skeleton (D:7)
  29 rats
  A spectral orc (D:7)
275 creatures vanquished.

Vanquished Creatures (others)
  An orc wizard (D:8)
  A hound skeleton (D:8)
2 creatures vanquished.

Grand Total: 277 creatures vanquished

Notes
Turn   | Place    | Note
-------+----------+-------------------------------------------
     0 | D:1      | CryoSword the Deep Dwarf Monk began the quest for the Orb.
     0 | D:1      | Reached XP level 1. HP: 20/20 MP: 1/1
   231 | D:1      | Reached XP level 2. HP: 20/27 MP: 1/1
   743 | D:1      | Reached XP level 3. HP: 31/34 MP: 2/2
   808 | D:1      | You fall into a shaft and drop 1 floor!
  1332 | D:2      | Reached skill level 4 in Long Blades
  1363 | D:2      | Found a hide-covered altar of Uskayaw.
  1890 | D:3      | Reached XP level 4. HP: 34/42 MP: 3/3
  1912 | D:3      | Found a broken altar of Ashenzari.
  2166 | D:3      | Found a glowing drain.
  2173 | Sewer    | Entered a sewer
  2199 | Sewer    | Reached XP level 5. HP: 34/49 MP: 3/3
  2470 | Sewer    | Reached skill level 5 in Long Blades
  2470 | Sewer    | Reached XP level 6. HP: 42/57 MP: 4/4
  2883 | D:3      | Found a shimmering blue altar of Sif Muna.
  3113 | D:3      | Reached skill level 5 in Stealth
  3406 | D:3      | Noticed Jessica
  3418 | D:3      | Killed Jessica
  3614 | D:4      | Reached skill level 6 in Long Blades
  3614 | D:4      | Reached XP level 7. HP: 37/66 MP: 4/4
  3708 | D:4      | Found a broken altar of Ashenzari.
  3876 | D:4      | Noticed Pikel
  3891 | D:4      | Killed Pikel
  3892 | D:4      | Reached skill level 5 in Fighting
  3892 | D:4      | Reached skill level 7 in Long Blades
  3892 | D:4      | Reached XP level 8. HP: 55/74 MP: 5/5
  4096 | D:4      | Found a blossoming altar of Fedhas.
  4217 | D:5      | Entered Level 5 of the Dungeon
  4278 | D:5      | Reached skill level 8 in Long Blades
  4341 | D:5      | Found a stormy altar of Qazlal.
  4730 | D:5      | Found a radiant altar of Vehumet.
  4730 | D:5      | Found a bloodstained altar of Trog.
  4731 | D:5      | Found a shimmering altar of Xom.
  5260 | D:6      | Reached skill level 9 in Long Blades
  5275 | D:6      | Reached skill level 1 in Shields
  5295 | D:6      | Gained mutation: You passively map the area around you.
                  | [Deep Dwarf growth]
  5295 | D:6      | Reached XP level 9. HP: 48/82 MP: 5/5
  5569 | D:7      | Found Finofram's General Store.
  5613 | D:7      | Found Lapaotoc's Armour Shop.
  5642 | D:7      | Bought a +2 helmet for 247 gold pieces
  5642 | D:7      | Bought a +0 pair of boots for 67 gold pieces
  5662 | D:7      | Found a stormy altar of Qazlal.
  5674 | D:7      | Found Opuol's Book Shop.
  5750 | D:7      | Found a staircase to the Ecumenical Temple.
  5758 | Temple   | Entered the Ecumenical Temple
  5938 | Temple   | Became a worshipper of Elyvilon the Healer
  5938 | Temple   | Reached * piety under Elyvilon
  5938 | Temple   | Reached ** piety under Elyvilon
  6067 | D:7      | Found a basalt altar of Yredelemnul.
  6084 | D:7      | Bought a scroll of identify for 24 gold pieces
  6171 | D:7      | Reached skill level 1 in Invocations
  6375 | D:7      | Found Acrygeto's Antique Armour Boutique.
  6566 | D:8      | Found Fel Lalu's Book Boutique.
  6566 | D:8      | Found a large runed translucent door.
  6566 | D:8      | Found a large runed translucent door.
  6574 | D:8      | Found a large runed translucent door.
  6574 | D:8      | Found a large runed translucent door.
  6600 | D:8      | Reached skill level 10 in Long Blades
  6674 | D:8      | Found Riytaz's Assorted Antiques.
  6674 | D:8      | Found a burning altar of Makhleb.
  6705 | D:8      | Found Junaum's Book Shoppe.
  6714 | D:8      | Found a staircase to the Lair.
  6736 | D:8      | Reached skill level 5 in Shields
  6930 | D:8      | Found Pismabae's Antique Weapon Emporium.
  7043 | D:8      | Reached XP level 10. HP: 70/92 MP: 9/9
  7173 | D:8      | Reached skill level 5 in Invocations
  7460 | D:8      | Found a glowing golden altar of the Shining One.
  7477 | D:8      | Found Buobb's Weapon Shop.
  7518 | D:8      | Noticed a two-headed ogre
  7524 | D:8      | Killed a two-headed ogre
  7654 | D:8      | Killed an unseen horror
  7996 | D:9      | Found a bloodstained altar of Trog.
  8129 | D:9      | Noticed a brown ugly thing
  8134 | D:9      | Reached skill level 11 in Long Blades
  8154 | D:9      | HP: 2/94 [brown ugly thing (14)]
  8154 | D:9      | Elyvilon protects you from harm!
  8155 | D:9      | Mangled by a brown ugly thing

Illustrated notes

Levels and vault maps discovered:
D:1:      minmay_arrival_wavy_path, layout_loops_corners
D:2:      layout_basic, nicolae_overflow_crystal_walls, minmay_vboxes
D:3:      layout_loops_ring, overflow_temple_1_default,
          ashenzari_conservatory_becter, gup_sewer_entry_bubbles,
          minmay_fractal_squares_5, uniq_jessica
D:4:      layout_rooms, lemuel_round_altar, evilmike_ruin_ashenzari, uniq_pikel
D:5:      layout_basic, nicolae_overflow_hidden_temple,
          gammafunk_temple_overflow_claw
D:6:      layout_rooms, st_stairs_9, kennysheep_windowed_goal
D:7:      layout_rooms, yredelemnul_forgotten_temple_becter,
          minmay_temple_entry_proselytizer, serial_shops, nicolae_shop_stone,
          nicolae_shop_statue_plus, shop, nicolae_shop_stone,
          grunt_qazlal_sundering
D:8:      layout_basic, kennysheep_little_box, erik_lair_orcish_takeover,
          serial_shops, shop, shop, nicolae_shop_behind_doors, shop, shop,
          basic_altar, minmay_hollow_rounded_squares
D:9:      layout_gridville, serial_shops, shop, trog_ov_bears_minmay,
          uniq_erolcha
Temple:   minmay_temple_bridge_abc

Skill      XL: |  1  2  3  4  5  6  7  8  9 10 |
---------------+-------------------------------+-----
Stealth        | 3 4 5 |  5.8
Fighting       | 3 4 5 6 7 |  7.3
Long Blades    | 4 5 6 7 9 10 11 | 11.0
Dodging        | 4 |  4.0
Shields        | 2 5 7 |  7.2
Invocations    | 4 7 |  7.2

Action                   |  1- 3 |  4- 6 |  7- 9 | 10-12 || total
-------------------------+-------+-------+-------+-------++-------
Melee: Falchion          |   110 |   356 |       |       ||   466
       Whip              |       |    67 |   458 |   133 ||   658
       Long sword        |       |       |    24 |       ||    24
Throw: Dart              |       |       |    11 |       ||    11
Invok: Lesser Healing    |       |       |    21 |    17 ||    38
 Abil: Heal Wounds       |     3 |     9 |     7 |     2 ||    21
  Use: Scroll            |       |       |     4 |       ||     4
 Stab: Sleeping          |    12 |     7 |     8 |     2 ||    29
Armor: Robe              |    26 |   125 |    26 |       ||   177
       Scale mail        |       |       |   135 |    85 ||   220
Dodge: Dodged            |    68 |   314 |   374 |    76 ||   832
Block: Buckler           |       |       |    85 |    44 ||   129
       Rpst.: Falchion   |    14 |    80 |       |       ||    94
       Long sword        |       |       |     2 |       ||     2

Table legend: (Time is in decaauts)
 A = Elapsed time spent in this place.
 B = Non-inter-level travel time spent in this place.
 C = Inter-level travel time spent in this place.
 D = Time resting spent in this place.
 E = Time spent auto-exploring this place.
 F = Levels seen in this place.
 G = Mean time per level.
                   A        B        C        D        E       F      G
               +--------+--------+--------+--------+--------+-----+--------+
         Total |   8287 |   7964 |    323 |     59 |   4854 |  11 |  753.4 |
       Dungeon |   7448 |   7151 |    297 |     59 |   4429 |   9 |  827.6 |
        Temple |    201 |    175 |     26 |      0 |    171 |   1 |  201.0 |
         Sewer |    637 |    637 |      0 |      0 |    253 |   1 |  637.0 |
               +--------+--------+--------+--------+--------+-----+--------+

Top non-repeatable levels by time:
     D:8: 1431 daAuts
     D:3: 1095 daAuts
     D:2: 953 daAuts
     D:1: 940 daAuts
     D:5: 880 daAuts
     D:7: 820 daAuts
     D:4: 675 daAuts
   Sewer: 637 daAuts
     D:6: 471 daAuts
  Temple: 201 daAuts
     D:9: 180 daAuts
